 Dungeon Crawl Stone Soup version 0.25-a0-1133-g93ebf73 (webtiles) character file.

Game seed: 12104144557527882786, levelgen mode: deterministic

168 thirtiethelement the Stinger (level 5, -2/32 HPs)
             Began as an Octopode Venom Mage on May 21, 2020.
             Was an Initiate of Dithmenos.
             Killed from afar by an orc wizard (8 damage)
             ... with a magic dart
             ... on level 3 of the Dungeon.
             The game lasted 00:12:31 (2195 turns).

thirtiethelement the Stinger (Octopode Venom Mage)  Turns: 2195, Time: 00:12:34

Health: -2/32      AC:  1    Str:  7    XL:     5   Next: 48%
Magic:  9/9        EV: 14    Int: 18    God:    Dithmenos [......]
Gold:   110        SH:  0    Dex: 13    Spells: 8/9 levels left

rFire    . . .     SeeInvis .   l - +1 dagger (venom)
rCold    . . .     Gourm    .   (no shield)
rNeg     . . .     Faith    .   (helmet restricted)
rPois    .         Spirit   .   (no amulet)
rElec    .         Reflect  .   (no ring)
rCorr    .         Harm     .   (no ring)
MR       .....                  (no ring)
Stlth    ++++......             (no ring)
HPRegen  0.10/turn              (no ring)
MPRegen  0.11/turn              (no ring)
                                (no ring)
                                (no ring)

@: no status effects
A: almost no armour, stealthy swim, amphibious, 8 rings, constrict 8, camouflage
1, gelatinous body 1
a: Renounce Religion


You were on level 3 of the Dungeon.
You worshipped Dithmenos.
Dithmenos was noncommittal.
You were not hungry.

You visited 1 branch of the dungeon, and saw 3 of its levels.

You collected 110 gold pieces.

Inventory:

Hand Weapons
 e - a +0 dagger
 g - a +1 dagger of protection
 i - a +0 dagger of speed
 l - a +1 dagger of venom (weapon)
 p - a +0 vorpal hand axe
Scrolls
 a - a scroll of noise
 c - 2 scrolls of identify
 j - a scroll of random uselessness {unknown}
 k - a scroll of remove curse {unknown}
 o - a scroll of teleportation {unknown}
Potions
 d - 2 potions of heal wounds {unknown}
 f - a potion of curing
 h - 3 potions of lignification
 m - a potion of flight {unknown}
 n - a potion of haste {unknown}
Comestibles
 b - 2 rations


   Skills:
 + Level 0.4 Fighting
 + Level 1.4 Short Blades
 + Level 2.5 Dodging
 + Level 4.1 Stealth
 + Level 2.7 Spellcasting
 + Level 1.9 Transmutations
 + Level 4.8 Poison Magic


You had 8 spell levels left.
You knew the following spells:

 Your Spells              Type           Power        Failure   Level  Hunger
a - Sting                 Tmut/Pois      ##..         4%          1    None

Your spell library contained the following spells:

 Spells                   Type           Power        Failure   Level  Hunger
 Poisonous Vapours        Pois/Air       ##....       10%         2    ##.....
 Ignite Poison            Fire/Tmut/Pois ##......     21%         3    ###....
 Olgreb's Toxic Radiance  Pois           ###.....     22%         4    ####...
 Mephitic Cloud           Conj/Pois/Air  #.......     26%         3    ###....


Dungeon Overview and Level Annotations

Branches:
Dungeon (3/15)

Altars:
Dithmenos


Innate Abilities, Weirdness & Mutations

You cannot wear most types of armour.
You are very stealthy in the water. (Stealth+)
You are amphibious.
You can wear up to eight rings at the same time.
You can use your tentacles to constrict eight enemies at once.
Your skin changes colour to match your surroundings (Stealth+).
Your rubbery body absorbs attacks. (AC +1, EV +1)


Message History

The orc wizard flickers and vanishes!
Deactivating autopickup; reactivate with Ctrl-A.
Things that are here:
a +0 leather armour; an orc corpse The orc wizard gestures wildly while chanting.
The orc wizard flickers and vanishes!
You closely miss the giant cockroach. You grab the giant cockroach.
You squeeze the giant cockroach.
The giant cockroach is almost dead.
You constrict the giant cockroach.
You kill the giant cockroach!
Dithmenos accepts your kill.
A magic dart appears from out of thin air!
The magic dart hits you!
A puff of flame appears from out of thin air!
The puff of flame hits you!
* * * LOW HITPOINT WARNING * * *
A magic dart appears from out of thin air!
The magic dart hits you!
You die...

#.# #.# #.# #.# ######## #.#
########).....# #.#########
#.......).....# #.........#
#.######).....# ###
#...).....###.######..{...####...
#>(<............@†...{[..........
#÷÷.[.....###.######.....<####...
#)........# #.######...).)# ...
..........# #.....######### ...
..........# #####.#


l.o ..........#######.####### ... ......................... ...
...##.##.########.#.##### ..# .........# #.#.# There were no monsters in sight!

Vanquished Creatures
  A hound (D:3)
  An orc wizard (D:3)
  3 gnolls (D:2)
  An ooze (D:1)
  2 dart slugs (D:1)
  A leopard gecko (D:1)
  7 orcs (D:3)
  A ball python (D:1)
  9 bats
  2 giant cockroaches
  7 goblins
  6 hobgoblins
  7 jackals
  A quokka (D:3)
  5 frilled lizards
  3 kobolds
  3 rats
60 creatures vanquished.

Notes
Turn   | Place    | Note
-------+----------+-------------------------------------------
     0 | D:1      | thirtiethelement the Octopode Venom Mage began the quest
                  | for the Orb.
     0 | D:1      | Reached XP level 1. HP: 11/11 MP: 3/3
   144 | D:1      | Reached XP level 2. HP: 5/17 MP: 1/5
   605 | D:1      | Reached XP level 3. HP: 21/21 MP: 6/6
  1238 | D:2      | Reached XP level 4. HP: 19/27 MP: 1/7
  1249 | D:2      | HP: 1/27 [gnoll/+0 halberd (9)]
  1250 | D:2      | Reached skill level 1 in Short Blades
  1717 | D:3      | Reached XP level 5. HP: 14/31 MP: 4/8
  1763 | D:3      | Found a shadowy altar of Dithmenos.
  1952 | D:3      | Became a worshipper of Dithmenos the Shadowed
  2195 | D:3      | Killed from afar by an orc wizard

Illustrated notes

Levels and vault maps discovered:
D:1:      dpeg_arrival_renting, layout_basic, minivault_14
D:2:      layout_rooms, first_ration
D:3:      layout_basic, nicolae_dithmenos_through_a_glass_darkly,
          gammafunk_temple_overflow_claw

Skill      XL: |  1  2  3  4 |
---------------+-------------+-----
Poison Magic   | 4 |  4.8
Stealth        | 3 4 |  4.1
Short Blades   | 1 |  1.4
Fighting       | |  0.4
Dodging        | |  2.5
Spellcasting   | |  2.7
Transmutations | |  1.9

Action                   |  1- 3 |  4- 6 || total
-------------------------+-------+-------++-------
Melee: Unarmed           |    13 |       ||    13
       Constrict         |    17 |    10 ||    27
       Tentacles         |    10 |     5 ||    15
       Dagger            |    54 |    35 ||    89
 Cast: Sting             |    19 |    21 ||    40
  Use: Scroll            |     1 |     3 ||     4
       Potion            |       |     1 ||     1
 Stab: Sleeping          |    10 |       ||    10
  Eat: Ration            |     1 |     1 ||     2
Armor: Skin              |    19 |       ||    19
Dodge: Dodged            |    39 |    26 ||    65

Table legend:
 A = Non-vault XP
 B = Vault XP
 C = Vault XP percentage of total XP
 D = Non-vault monster count
 E = Vault monster count
 F = Vault count percentage of total count
                 A         B        C        D         E       F
            +---------+---------+-------+---------+---------+-------
      Total |     240 |       0 |   0.0 |      60 |       0 |   0.0
            +---------+---------+-------+---------+---------+-------
        D:1 |      50 |       0 |   0.0 |      23 |       0 |   0.0
        D:2 |      65 |       0 |   0.0 |      17 |       0 |   0.0
        D:3 |     125 |       0 |   0.0 |      20 |       0 |   0.0
            +---------+---------+-------+---------+---------+-------
